 Dungeon Crawl Stone Soup version 0.26-a0-651-gb41185065b (webtiles) character file.

Game seed: 13365880564601392381

74 Lanoc the Sneak (level 4, 0/26 HPs)
             Began as a Deep Elf Brigand on Oct 26, 2020.
             Succumbed to an adder's poison
             ... on level 3 of the Dungeon.
             The game lasted 00:02:38 (1041 turns).

Lanoc the Sneak (Deep Elf Brigand)                  Turns: 1041, Time: 00:02:38

Health: 0/26       AC:  3    Str:  5 (8)  XL:     4   Next: 10%
Magic:  6/6        EV: 13    Int: 15 (17) God:
Gold:   36         SH:  0    Dex: 14 (16) Spells: 1/3 levels left

rFire    . . .     SeeInvis .   m - +2 dagger (speed)
rCold    . . .     Faith    .   (no shield)
rNeg     . . .     Spirit   .   b - +0 robe
rPois    .         Reflect  .   (no helmet)
rElec    .         Harm     .   c - +0 cloak
rCorr    .         Rampage  .   (no gloves)
MR       .....                  (no boots)
Stlth    +++.......             (no amulet)
HPRegen  0.08/turn              (no ring)
MPRegen  0.10/turn              (no ring)

@: lethally poisoned (0 -> -4)
A: no striking features
a: no special abilities


You were on level 3 of the Dungeon.
You visited 1 branch of the dungeon, and saw 3 of its levels.

You collected 36 gold pieces.

Inventory:

Hand Weapons
 m - a +2 dagger of speed (weapon)
Missiles
 d - 8 poisoned darts (quivered)
 e - 2 curare-tipped darts
Armour
 b - a +0 robe (worn)
 c - a +0 cloak (worn)
Scrolls
 a - a scroll of enchant weapon {unknown}
 f - a scroll of fear {unknown}
 g - a scroll of immolation {unknown}
 h - 2 scrolls of teleportation {unknown}
 i - 2 scrolls of remove curse {unknown}
 j - a scroll of enchant armour {unknown}
 n - a scroll of blinking {unknown}
 p - a scroll of amnesia {unknown}
Potions
 k - a potion of lignification {unknown}
 l - a potion of resistance {unknown}
 o - a potion of degeneration
 q - a potion of invisibility {unknown}
 r - a potion of brilliance {unknown}


   Skills:
 + Level 2.2 Fighting
 - Level 2.0 Short Blades
 - Level 2.0 Throwing
 + Level 2.5 Dodging
 * Level 6.1 Stealth


You had one spell level left.
You knew the following spells:

 Your Spells              Type           Power        Failure   Level
a - Blink                 Tloc           N/A          38%         2

Your spell library contained the following spells:

 Spells                   Type           Power        Failure   Level
 Gell's Gravitas          Tloc           #.........   63%         3
 Lesser Beckoning         Tloc           #.........   63%         3
 Teleport Other           Tloc           #.......     63%         3
 Passage of Golubria      Tloc           N/A          95%         4


Dungeon Overview and Level Annotations

Branches:
Dungeon (3/15)

Altars:
Nemelex Xobeh
Qazlal


Message History

You barely miss the adder.
The adder is severely wounded.
You hit the adder but do no damage.
The adder is severely wounded.
The adder bites you.
* * * LOW HITPOINT WARNING * * *
You hit the adder.
The adder is almost dead.
The adder bites you.
* * * LOW HITPOINT WARNING * * *
You hit the adder but do no damage.
The adder is almost dead.
The adder bites you.
* * * LOW HITPOINT WARNING * * *
You are lethally poisoned!
The adder poisons you!
It was a potion of degeneration.
There was something very wrong with that liquid.
You feel weakened.
You feel dopey.
You feel clumsy.
You die...

≈≈≈≈≈≈..≈≈≈≈≈≈≈
≈≈≈≈≈≈..≈≈≈≈≈≈≈
≈≈≈≈≈≈..≈≈≈≈≈≈≈
≈≈≈≈≈≈..≈≈≈≈≈≈#
#≈≈≈≈≈..≈≈≈≈≈#
#≈≈≈≈..≈≈≈≈###########
#≈≈≈..≈≈≈##....).....
####'S####..#########
#@))†..(## #########


You could see an adder.

Vanquished Creatures
  3 adders
  A worm (D:3)
  A dart slug (D:1)
  3 leopard geckos (D:1)
  3 bats
  4 giant cockroaches
  6 hobgoblins
  A quokka (D:3)
  3 frilled lizards (D:1)
  5 goblins
  4 kobolds
  5 rats
39 creatures vanquished.

Notes
Turn   | Place    | Note
-------+----------+-------------------------------------------
     0 | D:1      | Lanoc the Deep Elf Brigand began the quest for the Orb.
     0 | D:1      | Reached XP level 1. HP: 12/12 MP: 3/3
    38 | D:1      | Reached skill level 5 in Stealth
    94 | D:1      | Reached XP level 2. HP: 15/17 MP: 4/4
   496 | D:1      | Reached XP level 3. HP: 21/21 MP: 5/5
   845 | D:3      | Noticed an air elemental
   920 | D:3      | Reached skill level 6 in Stealth
   922 | D:3      | Noticed an earth elemental
   923 | D:3      | Found a stormy altar of Qazlal.
   931 | D:3      | Found a sparkling altar of Nemelex Xobeh.
   953 | D:3      | Noticed a fire elemental
   953 | D:3      | Noticed a water elemental
   976 | D:3      | Learned a level 2 spell: Blink
  1008 | D:3      | Reached XP level 4. HP: 15/26 MP: 6/6
  1040 | D:3      | HP: 1/26 [adder (3)]
  1041 | D:3      | Succumbed to an adder's poison

Illustrated notes

Levels and vault maps discovered:
D:1:      scummos_arrival_checkerplants, layout_loops_ring,
          corexii_corridor_pit, minmay_misc_feat_more_columns,
          chequers_serial_rivers_small_3
D:2:      layout_loops_ring, chequers_temple_overflow_statue_of_worship,
          overflow_temple_1_default, nicolae_overflow_hidden_temple,
          guppyfry_early_lair_pool
D:3:      kennysheep_big_flooded_room, layout_basic,
          nicolae_qazlal_style_of_elements, kennysheep_big_empty_room,
          nemelex_spade_bored_becter

Skill      XL: |  1  2  3 |
---------------+----------+-----
Stealth        | 5 6 |  6.1
Fighting       | 2 |  2.2
Dodging        | 2 |  2.5
Short Blades   | |  2.0
Throwing       | |  2.0

Action                   |  1- 3 |  4- 6 || total
-------------------------+-------+-------++-------
Melee: Dagger            |   121 |    25 ||   146
Throw: Dart              |     6 |       ||     6
  Use: Potion            |       |     1 ||     1
 Stab: Sleeping          |     6 |       ||     6
       Distracted        |     1 |       ||     1
Armor: Robe              |    17 |     3 ||    20
Dodge: Dodged            |    63 |    14 ||    77

Table legend: (Time is in decaauts)
 A = Elapsed time spent in this place.
 B = Non-inter-level travel time spent in this place.
 C = Inter-level travel time spent in this place.
 D = Time resting spent in this place.
 E = Time spent auto-exploring this place.
 F = Levels seen in this place.
 G = Mean time per level.
                   A        B        C        D        E       F      G
               +--------+--------+--------+--------+--------+-----+--------+
         Total |   1004 |   1001 |      3 |      0 |    693 |   3 |  334.7 |
       Dungeon |   1004 |   1001 |      3 |      0 |    693 |   3 |  334.7 |
               +--------+--------+--------+--------+--------+-----+--------+

Top non-repeatable levels by time:
     D:1: 517 daAuts
     D:2: 256 daAuts
     D:3: 229 daAuts
